AoeStats
← Cyamaan

Arabia

507596874Analyzed
1v1 RM · 12d ago on Sep 18, 2026· 56m 17s· 2 players
Game mode
Random Map
Map size
Tiny (2 player)
Population
200
Speed
Normal
Resources
Standard
Victory
Conquest
Starting age
Dark Age
Ending age
Imperial Age
RankedLock teamsTeams togetherTeam positionsShared explorationLock speedFull tech treeHidden civsTurbo modeCheats
Victory
Defeat
🇹🇼 Vietnamese · Taiwan
1026
+17
🇨🇦 Byzantines · Canada
1044
-17
qetuadgjzcbm123
6:05 Loom
10:54 Feudal Age
12:26 Double-Bit Axe
12:23 Horse Collar
19:12 Castle Age
17:24 Fletching
17:48 Gold Mining
18:50 Padded Archer Armor
19:20 Bloodlines
20:07 Bow Saw
20:33 Heavy Plow
26:25 Scale Barding Armor
26:26 Stone Mining
28:38 Forging
31:11 Chatras
33:31 Wheelbarrow
36:09 Imperial Age
33:30 Town Watch
35:32 Chain Barding Armor
35:43 Husbandry
36:42 Ballistics
36:17 Murder Holes
37:11 Iron Casting
38:28 Plate Barding Armor
39:13 Chemistry
38:48 Crop Rotation
41:59 Bodkin Arrow
44:06 Two-Man Saw
43:53 Bracer
44:09 Leather Archer Armor
44:27 Coinage
44:18 Siege Engineers
44:16 Light Cavalry
45:18 Guilds
44:50 Elite Rattan Archer
48:02 Hand Cart
48:17 Hand Cart
47:57 Elite Skirmisher
48:41 Scale Mail Armor
50:41 Hoardings
50:29 Paper Money
50:35 Town Patrol
51:03 Chain Mail Armor
51:18 Ring Archer Armor
51:27 Ring Archer Armor
53:09 Devotion
52:50 Sappers
53:44 Bombard Tower
53:07 Treadmill Crane
53:41 Imperial Skirmisher
54:55 Plate Mail Armor
55:28 Elite Battle Elephant
56:37 Thumb Ring
Cyamaan
9:17 Feudal Age
8:25 Loom
11:47 Double-Bit Axe
16:13 Wheelbarrow
20:12 Castle Age
19:07 Fletching
19:17 Padded Archer Armor
19:51 Gold Mining
19:43 Horse Collar
20:45 Elite Skirmisher
23:37 Bodkin Arrow
23:57 Leather Archer Armor
25:54 Ballistics
26:27 Forging
26:17 Scale Mail Armor
38:21 Imperial Age
36:38 Heavy Plow
37:35 Scale Barding Armor
38:05 Iron Casting
38:16 Scale Mail Armor
37:41 Pikeman
39:56 Squires
41:46 Chemistry
42:19 Halberdier
44:59 Ring Archer Armor
44:29 Bracer
44:45 Chain Mail Armor
Connection lost

Rejoining the realm…

Still unreachable

The connection could not be restored.

Session expired

The server has moved on; the page needs a fresh start.